 Dungeon Crawl Stone Soup version 0.23.1 (webtiles) character file.

Game seed: 2779110905708551272

32799 Yingtong the Severer (level 13, -6/114 HPs)
             Began as a Minotaur Berserker on Mar 14, 2019.
             Was a High Priest of Trog.
             Killed from afar by Louise (21 damage)
             ... with a bolt of lightning
             ... on level 15 of the Dungeon.
             The game lasted 00:54:46 (18087 turns).

Yingtong the Severer (Minotaur Berserker)          Turns: 18087, Time: 00:54:47

Health: -6/114     AC: 21    Str: 24    XL:     13   Next: 33%
Magic:  13/13      EV: 10    Int:  6    God:    Trog [*****.]
Gold:   693        SH:  5    Dex: 13    Spells: 12/12 levels left

rFire    . . .     SeeInvis .   b - +6 broad axe (chop)
rCold    . . .     Gourm    .   Y - +0 buckler
rNeg     + + .     Faith    .   x - +0 plate armour
rPois    +         Spirit   .   F - +1 hat
rElec    .         Reflect  .   (no cloak)
rCorr    .         Harm     .   i - +2 pair of gloves
MR       +....                  (no boots)
Stlth    ..........             (no amulet)
HPRegen  0.29/turn              t - ring "Holes" {*Contam rPois rN++ Dex+2 Slay+2}
MPRegen  0.13/turn              R - ring of protection from magic

@: lethally poisoned (-6 -> -21), berserk cooldown, slowed, very slow
A: retaliatory headbutt, horns 2, no potion heal 1
a: Berserk, Trog's Hand, Brothers in Arms, Renounce Religion


You were on level 15 of the Dungeon.
You worshipped Trog.
Trog was extremely pleased with you.
You were very hungry.

You visited 1 branch of the dungeon, and saw 15 of its levels.

You collected 925 gold pieces.
You spent 232 gold pieces at shops.

Inventory:

Hand Weapons
 b - a +6 broad axe of chopping (weapon)
 j - a +1 scimitar of flaming
 s - a +2 trident of venom
 N - the +4 hand axe "Yxokk" {vamp, rF+ Str+6}
   (You found it on level 10 of the Dungeon)

   It inflicts no extra harm, but heals its wielder when it wounds a living foe.
   It affects your strength (+6).
   It protects you from fire.
Missiles
 D - 4 tomahawks of returning (quivered)
Armour
 i - a +2 pair of gloves (worn)
 m - the +6 ring mail "Honieptu" {rF+}
   (You found it on level 14 of the Dungeon)

   It protects you from fire.
 x - a +0 plate armour (worn)
 F - a +1 hat (worn)
 Y - a +0 buckler (worn)
Jewellery
 f - an uncursed ring of ice
 o - an uncursed ring of magical power
 r - an uncursed ring of ice
 t - the ring "Holes" (left hand) {*Contam rPois rN++ Dex+2 Slay+2}
   (You found it on level 12 of the Dungeon)

   [ring of dexterity]

   It affects your dexterity (+2).
   It affects your accuracy and damage with ranged weapons and melee attacks
   (+2).
   It protects you from poison.
   It greatly protects you from negative energy.
   It causes magical contamination when unequipped.
 K - an uncursed ring of fire
 R - a ring of protection from magic (right hand)
Wands
 a - a wand of random effects (25)
 d - a wand of clouds (6)
 z - a wand of enslavement (9)
 A - a wand of acid (8)
 C - a wand of scattershot (7)
 I - a wand of paralysis (7)
 P - a wand of disintegration (15)
 U - a wand of flame (25)
Scrolls
 h - 10 scrolls of teleportation
 u - 6 scrolls of magic mapping
 B - 3 scrolls of noise
 H - 10 scrolls of remove curse
 J - a scroll of torment {unknown}
 L - 2 scrolls of fog
 T - 3 scrolls of enchant armour
Potions
 e - 2 potions of agility
 g - a potion of might
 l - 5 potions of ambrosia
 p - 2 potions of heal wounds
 q - 2 potions of brilliance
 w - 2 potions of flight
 G - 4 potions of curing
 O - a potion of haste
 Q - a potion of berserk rage {unknown}
 X - 2 potions of cancellation {unknown}
Comestibles
 c - 19 rations
 k - 2 chunks of flesh


   Skills:
 + Level 10.7 Fighting
   Level 1.2 Short Blades
 + Level 17.5 Axes
 * Level 14.9 Armour
 * Level 4.5 Dodging
 * Level 6.5 Shields
 * Level 1.9 Evocations


You had 12 spell levels left.
You didn't know any spells.
Your spell library contained the following spells:

 Spells                   Type           Power        Failure   Level  Hunger
 Animate Skeleton         Necr           N/A          98%         1    ##.....
 Pain                     Necr           #...         98%         1    ##.....
 Shock                    Conj/Air       #...         98%         1    ##.....
 Swiftness                Chrm/Air       #.......     99%         2    ###....
 Regeneration             Chrm/Necr      #.........   100%        3    ####...
 Static Discharge         Conj/Air       #.......     100%        3    ####...
 Vampiric Draining        Necr           #.........   100%        3    ####...
 Airstrike                Air            #.........   100%        4    #####..
 Animate Dead             Necr           N/A          100%        4    #####..
 Leda's Liquefaction      Hex/Erth       #.........   100%        4    #####..
 Bolt of Magma            Conj/Fire/Erth #.........   100%        5    ######.
 Lightning Bolt           Conj/Air       #.........   100%        5    ######.
 Iron Shot                Conj/Erth      #.........   100%        6    #######
 Statue Form              Tmut/Erth      #........    100%        6    #######
 Shatter                  Erth           #.........   100%        9    #######


Dungeon Overview and Level Annotations

Branches:
Dungeon (15/15)              Lair (0/6) D:8             Orc (0/2) D:12
 Vaults (0/5) D:13
 Temple: D:4-7       Depths: D:15

Altars:
Cheibriados
Dithmenos
Elyvilon
Fedhas
Gozag
Hepliaklqana
Kikubaaqudgha
Makhleb
Okawaru
Ru
Sif Muna
Trog
Uskayaw
Xom
Zin
The Shining One

Shops:
D:4 *   D:7 ?   D:15 ?

Annotations:
D:1 exclusion: downstairs
D:4 exclusion: downstairs
D:11 3 runed translucent doors, inmateoo's ghost, novice OpTm
D:13 exclusions: downstairs and orange crystal statue
D:14 exclusion: 2 downstairs
D:15 Louise


Innate Abilities, Weirdness & Mutations

You reflexively headbutt those who attack you in melee.
You have a pair of horns on your head.
Potions are less effective at restoring your health.


Message History

You are more poisoned.
Louise blocks your attack.
Louise is almost dead.
You feel sick. Louise barely misses you. You furiously retaliate!
You headbutt Louise. Louise blocks your attack.
Louise is almost dead.
Your skin stops crawling.
You feel less resistant to hostile enchantments.
* * * LOW HITPOINT WARNING * * *
You feel sick. Louise closely misses you. Louise blocks your attack.
Louise is almost dead.
* * * LOW HITPOINT WARNING * * *
You feel sick.
Louise hits you with a +4 trident of venom.
* * * LOW HITPOINT WARNING * * *
Louise casts a spell at you. The bolt of lightning hits you!!
You die...

#..............
#..........@...
#.......u......
#.......u......
#..............
#..............
#.......# #.@#
#.@# #..#
#..##...#
#††##...#
#..##...#
#..##...# ..#
#..##...# #..#
#..##...# #..#
#..##..†# #..#


You could see Louise.

Vanquished Creatures
  Jorgrun (D:15)
  An ogre mage (D:15)
  2 hydras
  The ghost of HEYYEYAAE the Quickloader, a journeyman OpHu of Okawaru (D:12)
  4 two-headed ogres
  An unseen horror (D:12)
  Pikel (D:7)
  A harpy (shapeshifter) (D:13)
  2 manticores
  A shining eye (shapeshifter) (D:15)
  A deep elf mage (D:10)
  9 ugly things
  5 cyclopes
  2 efreet
  A komodo dragon (D:8)
  7 trolls
  A wind drake (shapeshifter) (D:13)
  Prince Ribbit (D:5)
  A merfolk (D:10)
  A hippogriff (shapeshifter) (D:15)
  4 slime creatures
  3 hippogriffs
  2 hornets
  A meliai zombie (D:11)
  A vampire (D:12)
  4 shadows
  A wyvern (D:12)
  4 yaks
  2 wraiths
  A yak (shapeshifter) (D:14)
  A tarantella (shapeshifter) (D:13)
  A human (D:10)
  A basilisk (D:14)
  4 hungry ghosts
  3 neqoxecs (D:12)
  A vampire mosquito (D:11)
  2 acid dragons
  A water moccasin (D:9)
  Duvessa (D:7)
  2 soldier ants
  2 eyes of draining
  3 ice beasts
  3 orc warriors
  5 sky beasts
  2 slaves (D:7)
  7 ogres
  2 black bears
  A necrophage (D:15)
  2 phantoms
  3 centaurs
  A crocodile (D:8)
  A big kobold (D:13)
  11 bullfrogs
  A wyvern zombie (D:9)
  Dowan (D:7)
  3 scorpions
  A water moccasin skeleton (D:11)
  12 killer bees
  2 vampire bats (D:6)
  11 wights
  10 crimson imps
  6 quasits
  A bullfrog zombie (D:8)
  6 jellies
  2 orc priests
  3 bullfrog skeletons
  11 hounds
  3 centaur zombies
  5 centaur skeletons
  6 orc wizards
  10 worker ants
  4 iguanas
  2 hound zombies
  A hound skeleton (D:5)
  Robin (D:3)
  20 gnolls
  6 adders
  A howler monkey skeleton (D:4)
  5 shadow imps
  2 adder skeletons
  An adder zombie (D:5)
  2 dart slugs (D:2)
  6 leopard geckos
  31 orcs
  A bat skeleton (D:6)
  6 bat zombies (D:6)
  A giant cockroach (D:4)
  8 hobgoblins
  4 jackals
  8 quokkas
  A ball python (D:5)
  6 bats
  2 frilled lizards
  17 goblins
  A jackal skeleton (D:7)
  20 kobolds
  10 rats
388 creatures vanquished.

Vanquished Creatures (collateral kills)
  An ugly thing (D:15)
1 creature vanquished.

Vanquished Creatures (others)
  A sky beast (D:11)
  A quokka (D:7)
  A kobold (D:10)
  A plant (D:8)
4 creatures vanquished.

Grand Total: 393 creatures vanquished

Notes
Turn   | Place    | Note
-------+----------+-------------------------------------------
     0 | D:1      | Yingtong the Minotaur Berserker began the quest for the
                  | Orb.
     0 | D:1      | Reached XP level 1. HP: 19/19 MP: 0/0
   340 | D:1      | Found a shimmering altar of Xom.
   342 | D:1      | Found a glowing silver altar of Zin.
   342 | D:1      | Found a shimmering altar of Xom.
   344 | D:1      | Found a shimmering altar of Xom.
   344 | D:1      | Found an ancient bone altar of Kikubaaqudgha.
   344 | D:1      | Found a burning altar of Makhleb.
   349 | D:1      | Reached skill level 4 in Axes
   409 | D:1      | Reached XP level 2. HP: 27/27 MP: 1/1
  1120 | D:2      | Found a hazy altar of Hepliaklqana.
  1281 | D:2      | Reached ** piety under Trog
  1281 | D:2      | Reached XP level 3. HP: 33/33 MP: 2/2
  1504 | D:2      | Reached XP level 4. HP: 41/41 MP: 3/3
  1559 | D:2      | Found a hide-covered altar of Uskayaw.
  1560 | D:2      | Noticed a +0 dagger
  1561 | D:2      | Noticed a +0 dagger
  1735 | D:2      | Reached skill level 1 in Short Blades
  2288 | D:3      | Reached *** piety under Trog
  2293 | D:3      | Reached skill level 5 in Axes
  2393 | D:3      | Noticed Robin
  2398 | D:3      | Killed Robin
  2609 | D:3      | Found a sacrificial altar of Ru.
  2770 | D:4      | Noticed an ogre
  2779 | D:4      | Killed an ogre
  2779 | D:4      | Reached skill level 6 in Axes
  2779 | D:4      | Reached XP level 5. HP: 47/47 MP: 4/4
  2848 | D:4      | Reached skill level 7 in Axes
  2914 | D:4      | Reached XP level 6. HP: 52/53 MP: 5/5
  3127 | D:4      | Found Pivout's Mayhem Merchandise.
  3150 | D:4      | Found a white marble altar of Elyvilon.
  3219 | D:4      | Reached skill level 8 in Axes
  3752 | D:5      | Entered Level 5 of the Dungeon
  3792 | D:5      | Reached XP level 7. HP: 59/60 MP: 6/6
  3799 | D:5      | Reached skill level 9 in Axes
  3967 | D:5      | Found a shimmering altar of Xom.
  4045 | D:5      | Reached skill level 10 in Axes
  4230 | D:5      | HP: 1/60 [acid (10)]
  4535 | D:5      | Reached XP level 8. HP: 61/67 MP: 7/7
  4642 | D:5      | Found an opulent altar of Gozag.
  4660 | D:5      | Noticed Prince Ribbit
  4664 | D:5      | Reached skill level 11 in Axes
  4685 | D:5      | Reached **** piety under Trog
  4697 | D:5      | Killed Prince Ribbit
  4703 | D:5      | Reached skill level 12 in Axes
  5897 | D:6      | Found an ancient bone altar of Kikubaaqudgha.
  6122 | D:6      | Found a glowing golden altar of the Shining One.
  6437 | D:7      | Reached skill level 13 in Axes
  6646 | D:7      | Found a burning altar of Makhleb.
  6682 | D:7      | Noticed Pikel
  6696 | D:7      | Killed Pikel
  6696 | D:7      | Reached skill level 5 in Fighting
  6696 | D:7      | Reached XP level 9. HP: 62/74 MP: 8/8
  6845 | D:7      | Found a shadowy altar of Dithmenos.
  7198 | D:7      | Found Rebbox's Magic Scroll Shop.
  7198 | D:7      | Noticed Dowan
  7307 | D:7      | Noticed Duvessa
  7319 | D:7      | Killed Duvessa
  7319 | D:7      | Reached skill level 5 in Armour
  7335 | D:7      | Killed Dowan
  7582 | D:8      | Reached skill level 14 in Axes
  8110 | D:8      | Noticed a troll
  8119 | D:8      | Killed a troll
  8511 | D:8      | Found an iron altar of Okawaru.
  8525 | D:8      | Found a deep blue altar of Sif Muna.
  8634 | D:8      | Found a snail-covered altar of Cheibriados.
  8637 | D:8      | Found a blossoming altar of Fedhas.
  8640 | D:8      | Found a bloodstained altar of Trog.
  8821 | D:8      | Found a staircase to the Lair.
  8822 | D:8      | Noticed a komodo dragon
  8844 | D:8      | Killed a komodo dragon
  8910 | D:9      | Reached XP level 10. HP: 83/83 MP: 9/9
  8934 | D:9      | Received a gift from Trog
  9328 | D:9      | Noticed a two-headed ogre
  9336 | D:9      | Killed a two-headed ogre
  9559 | D:9      | Reached skill level 15 in Axes
  9692 | D:9      | Reached ***** piety under Trog
  9963 | D:10     | Entered Level 10 of the Dungeon
 10082 | D:10     | Got a transparent hand axe
 10085 | D:10     | Identified the +4 hand axe "Yxokk" {vamp, rF+ Str+6} (You
                  | found it on level 10 of the Dungeon)
 10676 | D:10     | Reached skill level 10 in Armour
 10725 | D:10     | Noticed a deep elf mage
 10733 | D:10     | Killed a deep elf mage
 11083 | D:11     | Found a runed translucent gate.
 11083 | D:11     | Found a runed translucent gate.
 11083 | D:11     | Noticed a cyclops
 11084 | D:11     | Found a runed translucent gate.
 11114 | D:11     | Killed a cyclops
 11114 | D:11     | Reached XP level 11. HP: 58/93 MP: 10/10
 11255 | D:11     | Noticed a minotaur
 11277 | D:11     | Noticed a two-headed ogre
 11283 | D:11     | Killed a two-headed ogre
 11390 | D:11     | Noticed a red ugly thing
 11409 | D:11     | Killed a red ugly thing
 12045 | D:11     | Noticed inmateoo's ghost (novice OpTm)
 12252 | D:11     | Found a runed translucent door.
 12305 | D:11     | Found a runed translucent door.
 12403 | D:11     | Noticed a seven-headed hydra
 12753 | D:11     | Killed a seven-headed hydra
 12753 | D:11     | Reached skill level 1 in Shields
 12869 | D:12     | Found a transporter.
 12869 | D:12     | Noticed HEYYEYAAE's ghost (journeyman OpHu)
 12922 | D:12     | Identified a scroll of acquirement
 12987 | D:12     | Found a staircase to the Orcish Mines.
 13073 | D:12     | Noticed a green ugly thing
 13082 | D:12     | Killed a green ugly thing
 13208 | D:12     | Killed an unseen horror
 13241 | D:12     | Found a transporter.
 13328 | D:12     | Reached skill level 16 in Axes
 13569 | D:13     | Noticed a purple ugly thing
 13577 | D:13     | Killed a purple ugly thing
 13577 | D:13     | Reached XP level 12. HP: 77/104 MP: 11/11
 13924 | D:13     | Found a gate to the Vaults.
 15437 | D:14     | Got a distressingly furry ring mail
 15438 | D:14     | Identified the +6 ring mail "Honieptu" {rF+} (You found it
                  | on level 14 of the Dungeon)
 15666 | D:14     | Received a gift from Trog
 16009 | D:15     | Entered Level 15 of the Dungeon
 16009 | D:15     | Noticed Louise
 16017 | D:14     | Reached skill level 5 in Shields
 16233 | D:15     | Noticed a centaur warrior
 16353 | D:14     | Reached skill level 10 in Fighting
 16401 | D:15     | Noticed a six-headed hydra
 16403 | D:15     | Reached skill level 17 in Axes
 16413 | D:15     | Noticed a two-headed ogre
 16415 | D:15     | Killed a one-headed hydra
 16415 | D:15     | Noticed an ogre mage
 16653 | D:14     | Killed a two-headed ogre
 16899 | D:15     | Noticed a two-headed ogre
 16930 | D:15     | Killed a two-headed ogre
 16935 | D:15     | Killed an ogre mage
 17171 | D:15     | Found Valajozi's Magic Scroll Boutique.
 17213 | D:15     | Bought a scroll of enchant weapon for 135 gold pieces
 17380 | D:7      | Bought a scroll of enchant weapon for 97 gold pieces
 17626 | D:12     | Killed HEYYEYAAE's ghost
 17626 | D:12     | Reached XP level 13. HP: 114/114 MP: 12/12
 17631 | D:12     | Gained mutation: Potions are less effective at restoring
                  | your health. [a neqoxec]
 17638 | D:12     | Got the ring "Holes" {Dex+2}
 17661 | D:12     | Identified the ring "Holes" {*Contam rPois rN++ Dex+2
                  | Slay+2} (You found it on level 12 of the Dungeon)
 17933 | D:15     | Noticed Jorgrun
 17944 | D:15     | Killed Jorgrun
 17944 | D:15     | Reached skill level 1 in Evocations
 18087 | D:15     | Killed from afar by Louise

Skill      XL: |  1  2  3  4  5  6  7  8  9 10 11 12 13 |
---------------+----------------------------------------+-----
Axes           | 4 6 7 8 10 13 14 15 16 17 | 17.5
Fighting       | 4 5 6 7 9 10 | 10.7
Armour         | 3 4 7 10 13 14 | 14.9
Short Blades   | 1 |  1.2
Shields        | 3 5 6 |  6.5
Dodging        | 3 4 |  4.5
Evocations     | 1 |  1.9

Action                   |  1- 3 |  4- 6 |  7- 9 | 10-12 | 13-15 || total
-------------------------+-------+-------+-------+-------+-------++-------
Melee: Hand axe          |    30 |       |       |   206 |       ||   236
       Dagger            |    44 |    31 |     4 |       |       ||    79
       Headbutt          |     5 |    20 |    58 |   145 |    13 ||   241
       War axe           |       |   144 |   312 |    92 |       ||   548
       Broad axe         |       |       |       |   260 |    63 ||   323
       Trident           |       |       |       |    14 |       ||    14
       Scimitar          |       |       |       |     6 |       ||     6
       Executioner's axe |       |       |       |     6 |       ||     6
Invok: Berserk           |       |     3 |     4 |     8 |     2 ||    17
       Trog's Hand       |       |     1 |     2 |     5 |     1 ||     9
       Brothers in Arms  |       |       |       |       |     1 ||     1
  Use: Scroll            |       |     8 |     3 |    19 |     1 ||    31
       Potion            |       |       |       |     1 |       ||     1
 Stab: Distracted        |       |       |     1 |       |       ||     1
  Eat: Chunk             |     2 |     7 |    17 |    29 |     1 ||    56
       Ration            |       |     1 |     1 |     6 |       ||     8
Armor: Chain mail        |    37 |   104 |    80 |       |       ||   221
       Plate armour      |       |       |   116 |   302 |    37 ||   455
       Ring mail         |       |       |       |     6 |       ||     6
Dodge: Dodged            |    47 |    66 |    99 |   205 |    20 ||   437
Block: Buckler           |       |       |       |    58 |    11 ||    69
